 Dungeon Crawl Stone Soup version 0.21.1-1-g345015f (webtiles) character file.

2778 microfolk the Summoner (level 9, 0/55 HPs)
             Began as a Tengu Summoner on June 3, 2018.
             Was an Initiate of Ashenzari.
             Succumbed to a guardian serpent's bolt of poison
             ... on level 8 of the Dungeon.
             The game lasted 00:37:03 (12748 turns).

microfolk the Summoner (Tengu Summoner)            Turns: 12748, Time: 00:37:04

Health: 0/55       AC:  5    Str:  8    XL:     9   Next: 70%
Magic:  2/16       EV: 14    Int: 20    God:    Ashenzari [......]
Gold:   542        SH:  0    Dex: 16    Spells: 2/16 levels left

rFire    + . .     SeeInvis +   J - +5 long sword of Karma {freeze, rF+ Int+2} (curse)
rCold    . . .     Gourm    .   (no shield)
rNeg     . . .     Faith    .   j - +0 leather armour
rPois    .         Spirit   .   (helmet restricted)
rElec    +         Reflect  .   (no cloak)
rCorr    .         Harm     .   q - +1 pair of gloves
MR       .....                  (boots unavailable)
Stlth    ++........             (no amulet)
HPRegen  0.18/turn              s - ring of Light {rElec SInv} (curse)
MPRegen  0.15/turn              (no ring)

@: lethally poisoned (0 -> -14), very slightly contaminated
A: beak, talons 3, able to fly 1
a: Fly, Curse Item, Renounce Religion


You were on level 8 of the Dungeon.
You worshipped Ashenzari.
Ashenzari was noncommittal.
You were very hungry.

You visited 2 branches of the dungeon, and saw 10 of its levels.

You collected 542 gold pieces.

Inventory:

Hand Weapons
 a - a +0 dagger
 b - a +2 hunting sling of freezing
 J - the cursed +5 long sword of Karma (weapon) {freeze, rF+ Int+2}
   (You found it on level 8 of the Dungeon)

   It has been specially enchanted to freeze those struck by it, causing extra
   injury to most foes and up to half again as much damage against particularly
   susceptible opponents.
   It can also slow down cold-blooded creatures.
   It affects your intelligence (+2).
   It protects you from fire.
   It has a curse placed upon it.
Missiles
 g - 214 stones (quivered)
 w - a throwing net
Armour
 e - a +0 ring mail
 f - a +0 robe
 j - a +0 leather armour (worn)
 q - a +1 pair of gloves (worn)
 D - a +0 pair of boots
 E - a +0 shield
Jewellery
 s - the cursed ring of Light (left hand) {rElec SInv}
   (You found it on level 5 of the Dungeon)

   [ring of see invisible]

   It insulates you from electricity.
   It lets you see invisible.
   It has a curse placed upon it.
 y - an uncursed ring of ice
 F - an uncursed ring of protection from fire
Wands
 d - a wand of iceblast (19)
 v - a wand of polymorph (22)
Scrolls
 i - 6 scrolls of teleportation
 l - a scroll of enchant armour
 t - 3 scrolls of amnesia
 u - a scroll of remove curse {@r2}
 B - a scroll of random uselessness {unknown}
 C - a scroll of noise {unknown}
 G - a scroll of torment {unknown}
 H - a scroll of immolation {unknown}
 I - 2 scrolls of magic mapping {unknown}
 K - a scroll of enchant weapon {unknown}
 L - a scroll of acquirement {unknown}
Potions
 h - 4 potions of haste
 k - a potion of magic
 n - a potion of might {unknown}
 o - 3 potions of curing {@q1}
 p - 3 potions of cancellation {unknown}
 r - a potion of flight {unknown}
 x - 4 potions of agility {unknown}
 A - a potion of berserk rage {unknown}
Books
 m - a book of Callings

   Spells                             Type                      Level
   a - Summon Small Mammal            Summoning                    1
   b - Call Imp                       Summoning                    2
   c - Call Canine Familiar           Summoning                    3
   d - Summon Guardian Golem          Hexes/Summoning              3
   e - Summon Lightning Spire         Summoning/Air                4
   f - Summon Ice Beast               Ice/Summoning                4
 z - a book of Frost

   Spells                             Type                      Level
   a - Freeze                         Ice                          1
   b - Throw Frost                    Conjuration/Ice              2
   c - Ozocubu's Armour               Charms/Ice                   3
   d - Throw Icicle                   Conjuration/Ice              4
   e - Summon Ice Beast               Ice/Summoning                4
Comestibles
 c - 13 rations


   Skills:
 + Level 6.1 Fighting
 + Level 5.0 Armour
 + Level 5.0 Dodging
 - Level 2.0 Stealth
 - Level 4.0 Spellcasting
 + Level 8.1 Summonings
 - Level 4.0 Ice Magic
 - Level 6.0 Air Magic


You had 2 spell levels left.
You knew the following spells:

 Your Spells              Type           Power        Failure   Level  Hunger
a - Summon Small Mammal   Summ           ####         1%          1    None
b - Call Imp              Summ           #####...     1%          2    #......
c - Call Canine Familiar  Summ           #####...     1%          3    ###....
d - Summon Ice Beast      Ice/Summ       ####....     14%         4    ####...
e - Summon Lightning Spi  Summ/Air       ####....     10%         4    ####...


Dungeon Overview and Level Annotations

Branches:
Dungeon (9/15)             Temple (1/1) D:6            Lair (0/6) D:8
    Orc: D:9-12

Altars:
Ashenzari
Cheibriados
Dithmenos
Elyvilon
Fedhas
Gozag
Kikubaaqudgha
Makhleb
Nemelex Xobeh
Okawaru
Qazlal
Ru
Sif Muna
Trog
Uskayaw
Vehumet
Wu Jian
Xom
Yredelemnul
Zin
The Shining One

Annotations:
D:3 Sigmund


Innate Abilities, Weirdness & Mutations

You have a beak for a mouth.
You have claws for feet.
You can fly.


Message History

The guardian serpent hits your ice beast but does no damage.
You feel sick. The quokka bites your ice beast.
Your ice beast barely misses the quokka.
The guardian serpent coils itself and waves its upper body at you.
The bolt of poison hits your ice beast. The bolt of poison hits you!
You are more poisoned.
* * * LOW HITPOINT WARNING * * *
Your ice beast barely misses the guardian serpent.
Your ice beast closely misses the guardian serpent.
* * * LOW HITPOINT WARNING * * *
You feel sick.
The guardian serpent barely misses your ice beast.
The quokka bites your ice beast.
Your ice beast barely misses the quokka.
Your ice beast completely misses the guardian serpent.
Your ice beast hits the guardian serpent but does no damage.
The quokka bites your ice beast.
The guardian serpent closely misses your ice beast.
You climb upwards.
You die...

.#########...#######..ยง..########
)########.###.# #######
)......)..# #.# ..)<...##.###.#
.#####.###...##### ....##.#
##......# .##.##.# ##.#.#.#
.......# #.#.#.# .......# #...#@#
#.....## #.###.# #.....# #.###.#
#.....# #.....# ####### #.#####
#.# ######.# #......#
#######.######


There were no monsters in sight!

Vanquished Creatures
  Grinder (D:3)
  A warg (D:8)
  An ice beast (D:8)
  A big kobold (D:8)
  2 scorpions
  A howler monkey (D:5)
  2 orc priests
  A hound (D:3)
  3 orc wizards
  A howler monkey skeleton (D:8)
  An adder (D:8)
  A dart slug (D:2)
  A leopard gecko (D:7)
  6 orcs
  2 giant cockroaches
  2 goblins
  A hobgoblin (D:1)
  6 bats
  A frilled lizard (D:1)
  A kobold (D:1)
  A quokka skeleton (D:4)
  A rat (D:3)
  A butterfly (D:6)
39 creatures vanquished.

Vanquished Creatures (collateral kills)
  A hydra (D:8)
  The ghost of Bobsnor the Shooter, an amateur TrHu (D:4)
  2 dream sheep (D:8)
  2 yaks (D:8)
  A warg (D:8)
  An ice beast (D:7)
  2 sky beasts
  2 orc warriors
  A black bear (D:9)
  2 ogres
  2 big kobolds (D:8)
  2 bullfrogs (D:7)
  A gnoll sergeant (D:8)
  5 scorpions
  3 wights
  6 killer bees
  A howler monkey (D:5)
  A crimson imp (D:6)
  7 orc wizards
  5 orc priests
  3 iguanas
  Terence (D:2)
  4 worker ants
  A hound skeleton (D:6)
  A worker ant zombie (D:5)
  6 adders
  11 gnolls
  2 shadow imps
  An adder zombie (D:8)
  2 worms
  A leopard gecko (D:6)
  23 orcs
  A ball python (D:3)
  4 goblins
  A hobgoblin (D:3)
  2 jackals (D:3)
  A quokka (D:2)
  7 bats
  4 frilled lizards
  A kobold (D:2)
  A leopard gecko skeleton (D:5)
  A rat (D:2)
  A butterfly (D:6)
128 creatures vanquished.

Grand Total: 167 creatures vanquished

Notes
Turn   | Place    | Note
-------+----------+-------------------------------------------
     0 | D:1      | microfolk the Tengu Summoner began the quest for the Orb.
     0 | D:1      | Reached XP level 1. HP: 10/10 MP: 4/4
   530 | D:1      | Reached skill level 5 in Summonings
   530 | D:1      | Reached XP level 2. HP: 10/16 MP: 1/6
   652 | D:1      | Learned a level 2 spell: Call Imp
   839 | D:2      | Noticed Terence
  1135 | D:2      | Killed Terence
  1135 | D:2      | Reached skill level 1 in Fighting
  1226 | D:2      | Reached XP level 3. HP: 20/20 MP: 1/7
  1764 | D:2      | Found an opulent altar of Gozag.
  1891 | D:2      | Found a bloodstained altar of Trog.
  2040 | D:3      | Noticed an ogre
  2058 | D:3      | Killed an ogre
  2058 | D:3      | Reached XP level 4. HP: 26/26 MP: 2/8
  2153 | D:3      | Found a hide-covered altar of Uskayaw.
  2305 | D:3      | Learned a level 3 spell: Call Canine Familiar
  2459 | D:3      | Found a sacrificial altar of Ru.
  2504 | D:3      | Gained mutation: You can fly. [Tengu growth]
  2504 | D:3      | Reached XP level 5. HP: 25/31 MP: 3/9
  2624 | D:3      | Reached skill level 6 in Summonings
  2758 | D:3      | Noticed Grinder
  2762 | D:3      | Paralysed by Grinder for 2 turns
  2798 | D:3      | Killed Grinder
  2798 | D:3      | Reached XP level 6. HP: 18/37 MP: 0/11
  3120 | D:3      | Noticed Sigmund
  3405 | D:4      | Found an ornate altar of the Wu Jian Council.
  3820 | D:4      | Noticed Bobsnor's ghost (amateur TrHu)
  3854 | D:4      | Killed Bobsnor's ghost
  3854 | D:4      | Reached XP level 7. HP: 39/41 MP: 1/12
  3981 | D:4      | Learned a level 4 spell: Summon Ice Beast
  4505 | D:4      | Reached skill level 1 in Ice Magic
  4751 | D:5      | Entered Level 5 of the Dungeon
  5036 | D:5      | Reached skill level 5 in Dodging
  5384 | D:5      | Reached skill level 7 in Summonings
  5452 | D:5      | Found a glowing golden altar of the Shining One.
  5459 | D:5      | Got a scorched turquoise ring
  5460 | D:5      | Identified the ring of Light {rElec SInv} (You found it on level 5 of the Dungeon)
  5511 | D:5      | Reached skill level 1 in Armour
  5845 | D:6      | Found a staircase to the Ecumenical Temple.
  5854 | Temple   | Entered the Ecumenical Temple
  5901 | Temple   | Became a worshipper of Ashenzari the Shackled
  5923 | D:6      | Found a shadowy altar of Dithmenos.
  6012 | D:6      | Reached XP level 8. HP: 48/48 MP: 7/14
  8200 | D:7      | Learned a level 4 spell: Summon Lightning Spire
  8214 | D:7      | Found a stormy altar of Qazlal.
  8329 | D:7      | Reached skill level 5 in Fighting
  9406 | D:8      | Reached skill level 1 in Air Magic
  9836 | D:7      | Reached XP level 9. HP: 6/54 MP: 7/16
 10622 | D:8      | Found a staircase to the Lair.
 11651 | D:8      | Got the long sword of Karma {freeze, rF+ Int+2}
 11707 | D:8      | Identified the +5 long sword of Karma {freeze, rF+ Int+2} (You found it on level 8 of the Dungeon)
 12502 | D:8      | Noticed a three-headed hydra
 12541 | D:8      | Killed a three-headed hydra
 12541 | D:8      | Reached skill level 5 in Armour
 12541 | D:8      | Reached skill level 8 in Summonings
 12541 | D:8      | Reached skill level 5 in Air Magic
 12735 | D:9      | Noticed a guardian serpent
 12747 | D:9      | HP: 2/55 [poisoned by a guardian serpent (bolt of poison)]
 12748 | D:8      | Succumbed to a guardian serpent's bolt of poison

Skill      XL: |  1  2  3  4  5  6  7  8  9 |
---------------+----------------------------+-----
Summonings     | 5 6 7 8 |  8.1
Fighting       | 1 2 3 4 5 6 |  6.1
Dodging        | 3 4 5 |  5.0
Spellcasting   | 3 4 |  4.0
Ice Magic      | 2 4 |  4.0
Armour         | 1 3 5 |  5.0
Air Magic      | 2 6 |  6.0
Stealth        | |  2.0

Action                   |  1- 3 |  4- 6 |  7- 9 || total
-------------------------+-------+-------+-------++-------
Melee: Dagger            |    41 |    61 |   133 ||   235
       Kick              |    11 |    22 |    38 ||    71
       Peck              |     6 |     9 |    20 ||    35
       Long sword        |       |       |     7 ||     7
Throw: Stone             |     4 |     1 |     2 ||     7
 Cast: Summon Small Mamm |    40 |     5 |    44 ||    89
       Call Imp          |    16 |    36 |   132 ||   184
       Call Canine Famil |       |     4 |    47 ||    51
       Summon Ice Beast  |       |       |    21 ||    21
       Summon Lightning  |       |       |     4 ||     4
Invok: Curse Item        |       |       |     2 ||     2
 Abil: Fly               |       |       |    10 ||    10
  Use: Scroll            |     1 |     2 |     8 ||    11
       Potion            |       |       |     5 ||     5
 Stab: Sleeping          |       |     1 |     2 ||     3
       Distracted        |       |     1 |     2 ||     3
  Eat: Chunk             |     5 |     8 |    18 ||    31
       Ration            |       |       |     7 ||     7
Armor: Robe              |    14 |       |       ||    14
       Leather armour    |       |     9 |    46 ||    55
Dodge: Dodged            |    57 |    57 |   201 ||   315
       Rpst.: Long sword |       |       |     1 ||     1
